AoeStats
← 活在故事里的骑士

Fortress

510233422Analyzed
4v4 RM · 9h ago on Sep 30, 2026· 58m 48s· 8 players
Game mode
Random Map
Map size
Huge
Population
200
Speed
Normal
Resources
Standard
Victory
Conquest
Starting age
Dark Age
Ending age
Imperial Age
RankedLock teamsTeams togetherTeam positionsShared explorationLock speedFull tech treeHidden civsTurbo modeCheats
Victory
Defeat
🇨🇳 Persians · China
1210
+11
1112
+15
🇨🇳 Chinese · China
1111
+15
🇨🇳 Japanese · China
988
+19
🇨🇦 Khmer · Canada
1132
-17
🇦🇷 Mongols · Argentina
1127
-17
🇮🇳 Saracens · India
1055
-14
🇩🇪 Magyars · Germany
1008
-12
PezMaza
2:09 Loom
7:58 Feudal Age
13:14 Castle Age
10:59 Town Watch
21:20 Wheelbarrow
21:00 Double-Bit Axe
22:47 Horse Collar
23:39 Heavy Plow
24:46 Bow Saw
24:36 Gold Mining
24:51 Stone Mining
26:11 Hand Cart
25:56 Town Patrol
29:59 Imperial Age
27:23 Fletching
27:39 Padded Archer Armor
27:51 Treadmill Crane
28:06 Murder Holes
28:32 Ballistics
29:13 Gold Shaft Mining
30:02 Bloodlines
29:52 Husbandry
30:06 Bodkin Arrow
30:26 Leather Archer Armor
30:17 Scale Barding Armor
30:23 Thumb Ring
31:11 Parthian Tactics
30:14 Cavalier
32:44 Caravan
33:14 Coinage
32:08 Heavy Cavalry Archer
32:19 Light Cavalry
34:17 Bracer
34:41 Chain Barding Armor
34:59 Siege Engineers
35:27 Banking
34:43 Hussar
36:43 Plate Barding Armor
36:50 Ring Archer Armor
39:03 Scale Mail Armor
40:57 Paladin
42:59 Chain Mail Armor
43:59 Chemistry
44:19 Elite Skirmisher
49:45 Hoardings
55:56 Masonry
56:28 Recurve Bow
Arham
0:34 Loom
8:59 Feudal Age
10:30 Horse Collar
11:18 Double-Bit Axe
13:46 Gold Mining
13:51 Stone Mining
16:05 Castle Age
17:49 Heavy Plow
20:26 Bow Saw
21:10 Gold Shaft Mining
23:18 Masonry
23:29 Fortified Wall
25:51 Wheelbarrow
26:13 Bloodlines
27:28 Ballistics
30:29 Imperial Age
28:49 Hand Cart
29:23 Forging
29:18 Scale Barding Armor
29:51 Husbandry
31:18 Iron Casting
31:09 Chain Barding Armor
33:29 Blast Furnace
33:08 Plate Barding Armor
31:57 Elite Mameluke
32:31 Light Cavalry
34:02 Fletching
35:19 Bodkin Arrow
36:54 Conscription
36:51 Onager
40:24 Hussar
43:21 Hoardings
42:59 Masonry
50:34 Bracer
Leboeuf
4:03 Loom
9:01 Feudal Age
10:11 Double-Bit Axe
10:38 Town Watch
13:52 Castle Age
16:06 Stone Mining
18:05 Wheelbarrow
17:52 Horse Collar
19:34 Bow Saw
20:14 Husbandry
22:21 Gold Mining
22:37 Heavy Plow
23:35 Bloodlines
22:56 Light Cavalry
26:45 Imperial Age
25:43 Gold Shaft Mining
25:36 Hand Cart
26:38 Stone Shaft Mining
27:07 Hussar
27:57 Scale Barding Armor
28:23 Conscription
30:30 Chemistry
29:59 Double Crossbow
30:47 Hussar
33:03 Elite Ballista Elephant
34:23 Masonry
34:39 Ballistics
36:10 Hoardings
36:51 Forging
37:02 Chain Barding Armor
41:17 Fletching
41:28 Padded Archer Armor
niquito0912
6:31 Feudal Age
8:11 Loom
10:54 Castle Age
9:13 Double-Bit Axe
9:20 Horse Collar
19:50 Heavy Plow
20:01 Bow Saw
20:48 Gold Mining
20:48 Stone Mining
20:56 Stone Mining
23:11 Gold Shaft Mining
23:13 Stone Shaft Mining
23:56 Ballistics
25:13 Fletching
25:24 Padded Archer Armor
26:05 Wheelbarrow
25:53 Bloodlines
25:45 Husbandry
25:58 Forging
25:53 Scale Barding Armor
28:38 Imperial Age
26:00 Light Cavalry
27:27 Elite Skirmisher
28:08 Bodkin Arrow
28:28 Leather Archer Armor
28:48 Iron Casting
28:34 Chain Barding Armor
28:15 Scale Mail Armor
28:27 Pikeman
28:56 Onager
30:02 Drill
29:49 Bracer
30:43 Nomads
32:24 Blast Furnace
31:12 Siege Onager
34:03 Hand Cart
mmmmmoooo
7:23 Feudal Age
8:41 Double-Bit Axe
11:57 Castle Age
11:14 Double-Bit Axe
11:15 Horse Collar
14:15 Bow Saw
19:12 Heavy Plow
19:22 Gold Mining
21:47 Wheelbarrow
21:22 Stone Mining
22:07 Gold Shaft Mining
25:41 Imperial Age
23:52 Fortified Wall
23:39 Fletching
23:50 Padded Archer Armor
24:38 Hand Cart
25:29 Stone Shaft Mining
25:44 Elite Chu Ko Nu
26:22 Bodkin Arrow
26:43 Leather Archer Armor
27:36 Conscription
27:24 Bracer
26:48 Elite Skirmisher
27:18 Loom
27:22 Loom
29:03 Two-Man Saw
28:17 Thumb Ring
29:25 Ring Archer Armor
30:53 Chemistry
34:21 Ballistics
36:16 Caravan
42:52 Coinage
42:39 Pikeman
43:19 Squires
43:47 Scale Mail Armor
43:58 Forging
43:11 Halberdier
43:13 Elite Fire Lancer
46:27 Banking
dy小妖
9:20 Feudal Age
10:09 Double-Bit Axe
13:06 Castle Age
10:52 Horse Collar
12:07 Loom
14:35 Bow Saw
14:26 Heavy Plow
16:14 Wheelbarrow
16:39 Town Watch
19:08 Stone Mining
20:09 Gold Mining
21:54 Gold Shaft Mining
21:59 Stone Shaft Mining
26:42 Imperial Age
24:19 Scale Barding Armor
24:58 Hand Cart
25:34 Chain Barding Armor
25:42 Husbandry
25:53 Bloodlines
26:47 Forging
27:38 Plate Barding Armor
27:15 Elite War Elephant
28:16 Conscription
29:01 Iron Casting
28:42 Heavy Camel Rider
33:03 Blast Furnace
32:43 Fletching
35:04 Caravan
34:47 Light Cavalry
36:05 Kamandaran
57:31 Capped Ram
渣渣灰
8:45 Feudal Age
13:18 Castle Age
10:49 Man-at-Arms
11:35 Double-Bit Axe
13:00 Forging
12:51 Scale Mail Armor
13:02 Horse Collar
15:10 Gambesons
25:05 Loom
27:53 Wheelbarrow
30:59 Imperial Age
29:07 Bow Saw
29:22 Heavy Plow
29:06 Treadmill Crane
30:05 Iron Casting
29:46 Crossbowman
30:32 Thumb Ring
31:02 Hand Cart
31:27 Chain Mail Armor
31:09 Gold Mining
31:14 Arbalester
33:11 Blast Furnace
32:31 Yasama
32:54 Conscription
33:40 Plate Mail Armor
33:27 Padded Archer Armor
33:18 Fletching
34:52 Two-Man Saw
34:30 Gold Shaft Mining
34:38 Hoardings
34:10 Elite Samurai
35:37 Caravan
36:34 Kataparuto
活在故事里的骑士
7:36 Feudal Age
11:29 Castle Age
9:11 Horse Collar
12:34 Double-Bit Axe
12:54 Heavy Plow
13:53 Bow Saw
18:47 Wheelbarrow
23:29 Gold Mining
23:29 Stone Mining
24:28 Treadmill Crane
28:07 Imperial Age
26:14 Loom
26:44 Hand Cart
26:14 Town Watch
26:48 Forging
26:44 Scale Barding Armor
27:14 Masonry
28:08 Bloodlines
27:59 Husbandry
28:39 Iron Casting
29:17 Conscription
29:55 Elite Jarl
31:42 Blast Furnace
31:40 Crop Rotation
31:41 Chain Barding Armor
32:49 Town Patrol
40:07 Arson
40:23 Squires
40:08 Gambesons
39:44 Pikeman
Connection lost

Rejoining the realm…

Still unreachable

The connection could not be restored.

Session expired

The server has moved on; the page needs a fresh start.